 Dungeon Crawl Stone Soup version 0.31.0-1-g2c135a008e (webtiles) character file.

Game seed: 15889724098842150896

2 Peloso the Covered (level 1, -1/2 HPs)
             Began as a Minotaur Fighter on Jan 20, 2024.
             Slain by a rat (3 damage)
             ... on level 1 of the Dungeon.
             The game lasted 00:00:27 (101 turns).

Peloso the Covered (Minotaur Fighter)                Turns: 101, Time: 00:00:28

Health: -1/2       AC:  2    Str: 25    XL:     1   Next: 25%
Magic:  0/0        EV:  9    Int:  5    God:
Gold:   0          SH:  0    Dex:  9    Spells: 0/0 levels left

rFire   . . .        a - melded +0 long sword
rCold   . . .        c - melded +0 buckler
rNeg    . . .        b - melded +0 scale mail
rPois   +            (helmet currently unavailable)
rElec   .            (cloak currently unavailable)
rCorr   .            (gloves currently unavailable)
SInv    .            (boots currently unavailable)
Will    .....        (no amulet)
Stlth   +            (no ring)
HPRegen 0.20/turn    (no ring)
MPRegen 0.07/turn

%: no passive effects
@: snake-form
A: constrict, reduced hp, large, (horns 2), (retaliatory headbutt)
a: Begin Untransformation


You were on level 1 of the Dungeon.
You were an enormous serpent.
You visited 1 branch of the dungeon, and saw 1 of its levels.

Inventory:

Hand Weapons
 a - a +0 long sword (melded)
Armour
 b - a +0 scale mail (melded)
 c - a +0 buckler (melded)
Talismans
 f - a serpent talisman (active)
Potions
 d - a potion of might
 e - 2 potions of mutation {unknown}


   Skills:
 + Level 3.6 Fighting
 + Level 2.4 Long Blades
 + Level 3.7 Armour
 + Level 3.6 Shields


You couldn't memorise any spells.
You didn't know any spells.
Your spell library was empty.

Dungeon Overview and Level Annotations

Branches:
Dungeon (1/15)

Altars:


Innate Abilities, Weirdness & Mutations

You are an enormous serpent.
You have a powerful constriction melee attack.
Your maximum health is decreased, since you lack skill for your form.
Your armour is entirely melded.
You are incapable of wielding weapons or throwing items.
((You have a pair of horns on your head.))
((You reflexively headbutt those who attack you in melee.))


Message History

You hit the kobold.
You kill the kobold!
A ball python comes into view.
Things that are here:
a +0 short sword; 3 stones The ball python hisses angrily.
The ball python bites you but does no damage.
The ball python grabs you. The ball python constricts you.
Things that are here:
a +0 short sword; 3 stones You escape the ball python's grasp.
The ball python barely misses you. The ball python grabs you.
The ball python constricts you.
Things that are here:
a +0 short sword; 3 stones You slash the ball python!
You kill the ball python!
Things that are here:
a +0 short sword; 3 stones
e - 2 purple potions
Found a hand axe.
Found a rapier.
There is a huge open gate here.
The kobold shouts!
There is an open gate here.
You see here a serpent talisman.
f - a serpent talisman You begin transforming.
You continue transforming. x3
You turn into an enormous serpent.
Your +0 long sword melds into your body.
Your +0 buckler melds into your body.
Your +0 scale mail melds into your body.
HP restored.
There is an open gate here.
There is a huge open gate here.
Found a ring mail.
A rat comes into view.
The rat bites you.
Ouch! That really hurt!
You die...

.... #..........
#..##..........
#...###.......#
.#######...##'''''##
........#...........
.
#######....#########
... ###....#
.....####......#
......rS.......#
...............#
#.#............#
#..........[.# #....
.............##
#.###
###...........#
#...........#
#############


You could see a rat.

Vanquished Creatures
  A ball python (D:1)
  A kobold (D:1)
2 creatures vanquished.

Notes
Turn   | Place    | Note
-------+----------+-------------------------------------------
     0 | D:1      | Peloso the Minotaur Fighter began the quest for the Orb.
     0 | D:1      | Reached XP level 1. HP: 19/19 MP: 0/0
   101 | D:1      | Slain by a rat

Illustrated notes

Levels and vault maps discovered:
D:1:      lordsloth_arrival_two_stooges, layout_basic, serial_shops,
          nicolae_shop_waterfront

Action                     || total
---------------------------++-------
  Melee: Long sword        ||     3
 Armour: Scale mail        ||     2
         Skin              ||     1
  Dodge: Dodged            ||     2
   Form: Serpent           ||     1
